 Dungeon Crawl Stone Soup version 0.31-a0-1620-gcbf77bbcfc (webtiles) character file.

Game seed: 12144538944186901314

46 Amplified the Magician (level 3, 0/26 HPs)
             Began as a Mummy Alchemist on Jan 11, 2024.
             Slain by a gnoll
             ... wielding a +0 halberd
              (5 damage)
             ... on level 3 of the Dungeon.
             The game lasted 00:03:51 (2256 turns).

Amplified the Magician (Mummy Alchemist)            Turns: 2256, Time: 00:03:51

Health: 0/26       AC:  8    Str: 13    XL:     3   Next: 46%
Magic:  7/7        EV:  2    Int: 14    God:
Gold:   119        SH:  0    Dex: 15    Spells: 5/8 levels left

rFire   x . .        c - +1 dagger (drain)
rCold   + . .        (no shield)
rNeg    + + +        j - +0 ring mail
rPois   ∞            (no helmet)
rElec   .            l - +0 cloak
rCorr   .            h - +1 pair of gloves {Dex+3}
SInv    +            (no boots)
Will    +....        (no amulet)
Stlth   +            f - ring of willpower
HPRegen 0.24/turn    i - ring of see invisible
MPRegen 0.10/turn

%: faith
@: held, constricted
A: cold resistance 1, negative energy resistance 3, torment resistance 2, heat
vulnerability 1, in touch with death 1, no potions, faith
a: no special abilities


You were on level 3 of the Dungeon.
You visited 1 branch of the dungeon, and saw 3 of its levels.

You collected 119 gold pieces.

Inventory:

Hand Weapons
 b - a +0 dagger
 c - a +1 dagger of draining (weapon)
Armour
 a - a +0 robe
 h - a +1 pair of gloves of dexterity (worn)
 j - a +0 ring mail (worn)
 l - a +0 cloak (worn)
Jewellery
 e - a ring of see invisible
 f - a ring of willpower (left hand)
 i - a ring of see invisible (right hand)
Scrolls
 d - a scroll of identify
 g - 2 scrolls of vulnerability
 k - 2 scrolls of poison


   Skills:
 * Level 1.2 Fighting
 - Level 1.5 Dodging
 - Level 1.5 Stealth
 * Level 3.4 Spellcasting
 * Level 1.4 Conjurations
 * Level 0.1 Air Magic
 * Level 2.8 Alchemy


You had 5 spell levels left.
You knew the following spells:

 Your Spells              Type           Power      Damage    Failure   Level
a - Sting                 Conj/Alch      32%        1d5       19%         1
b - Mercury Vapours       Alch/Air       12%        N/A       36%         2

Your spell library contained the following spells:

 Spells                   Type           Power      Damage    Failure   Level
 Apportation              Tloc           4%         N/A       41%         1
 Jinxbite                 Hex            4%         N/A       56%         2
 Mephitic Cloud           Conj/Alch/Air  6%         N/A       58%         3
 Olgreb's Toxic Radiance  Alch           10%        N/A       82%         4
 Sticky Flame             Fire/Alch      6%         2d4       94%         4
 Alistair's Intoxication  Alch           6%         N/A       99%         5


Dungeon Overview and Level Annotations

Branches:
Dungeon (3/15)

Altars:

Annotations:
D:2 1 runed translucent door, Crazy Yiuf


Innate Abilities, Weirdness & Mutations

You are immune to poison.
Your flesh is cold resistant. (rC+)
You are immune to negative energy. (rN+++)
You are immune to unholy pain and torment.
You are vulnerable to heat. (rF-)
You are in touch with the powers of death.
You do not drink.
You have a special connection with the divine. (Faith)


Message History

The ball python bites you but does no damage.
The ball python constricts you. The dart slug launches a dart at you.
The slug dart hits you but does no damage.
The gnoll hits you but does no damage.
The gnoll hits you from afar with a +0 halberd.
Okay, then.
You can't drink.
Unknown command.
You shred the net and break free!
A jackal comes into view.
The ball python bites you but does no damage.
The ball python constricts you. The gnoll hits you but does no damage.
The gnoll throws a throwing net.
The throwing net hits you.
You become entangled in the net!
Unknown command.
You struggle against the net.
A jackal comes into view.
The ball python bites you but does no damage.
The ball python constricts you.
The gnoll hits you from afar with a +0 halberd.
The gnoll hits you from afar with a +0 spear.
You struggle against the net.
The ball python bites you but does no damage.
The ball python constricts you. The dart slug launches a dart at you.
The slug dart hits you but does no damage.
The gnoll hits you from afar with a +0 spear.
The gnoll barely misses you.
Unknown command.
You struggle against the net.
The ball python bites you but does no damage.
The ball python constricts you.
The ball python bites you but does no damage.
The ball python constricts you.
The gnoll hits you from afar with a +0 spear.
The gnoll hits you but does no damage. The gnoll hits you with a +0 club!
* * * LOW HITPOINT WARNING * * *
The gnoll hits you from afar with a +0 halberd.
You die...

#.. #.# #...# ....#
#.# #...## ....# #.#
#....# ....# #.#
#....# ....# ##.#
#w...# ....# ###..#
#....#
....###....######....#
........##...#.g@S(.#
...#...#####.#.#.g..#
.....#..# #...#ggh##
..)####.# #####h|.#
...# .# hh.## ...# ..
#...# ...# ### ....#
#### #..... .### ####


You could see 4 gnolls, a dart slug, 4 jackals and a ball python.

Vanquished Creatures
  A ribbon worm (D:2)
  An orc (D:3)
  8 endoplasms
  A giant cockroach (D:3)
  6 goblins
  3 hobgoblins
  4 kobolds
  3 quokkas
  6 ball pythons
  A bat (D:2)
  A frilled lizard (D:1)
  4 rats
39 creatures vanquished.

Notes
Turn   | Place    | Note
-------+----------+-------------------------------------------
     0 | D:1      | Amplified the Mummy Alchemist began the quest for the Orb.
     0 | D:1      | Reached XP level 1. HP: 13/13 MP: 4/4
    93 | D:1      | Reached skill level 1 in Conjurations
   338 | D:1      | Reached XP level 2. HP: 14/20 MP: 3/5
   344 | D:1      | Reached skill level 3 in Spellcasting
   499 | D:1      | You fall into a shaft and drop 1 floor!
  1068 | D:2      | Reached skill level 1 in Fighting
  1175 | D:2      | Reached XP level 3. HP: 26/26 MP: 5/7
  1319 | D:2      | Learned a level 2 spell: Mercury Vapours
  1483 | D:2      | Found a runed translucent door.
  1484 | D:2      | Noticed Crazy Yiuf
  2256 | D:3      | Slain by a gnoll

Illustrated notes

Levels and vault maps discovered:
D:1:      tarquinn_simple_flora_water_f, layout_basic, hangedman_decor_riveting
D:2:      layout_basic, minmay_heptomino_l4, uniq_crazy_yiuf_cottage
D:3:      layout_rooms, hellmonk_ecumenical_altar_zigzags, minmay_starry_boxes

Skill      XL: |  1  2 |
---------------+-------+-----
Conjurations   | 1 |  1.4
Spellcasting   | 3 |  3.4
Fighting       | 1 |  1.2
Dodging        | |  1.5
Stealth        | |  1.5
Air Magic      | |  0.1
Alchemy        | |  2.8

Action                     || total
---------------------------++-------
  Melee: Dagger            ||    91
         Punch             ||     1
   Cast: Sting             ||    22
    Use: Scroll            ||     4
   Stab: Sleeping          ||     2
 Armour: Robe              ||    33
         Ring mail         ||    31
  Dodge: Dodged            ||    59

Table legend: (Time is in decaauts)
 A = Elapsed time spent in this place.
 B = Non-inter-level travel time spent in this place.
 C = Inter-level travel time spent in this place.
 D = Time resting spent in this place.
 E = Time spent auto-exploring this place.
 F = Levels seen in this place.
 G = Mean time per level.
                   A        B        C        D        E       F      G
               +--------+--------+--------+--------+--------+-----+--------+
         Total |   2253 |   2096 |    157 |     47 |   1698 |   3 |  751.0 |
       Dungeon |   2253 |   2096 |    157 |     47 |   1698 |   3 |  751.0 |
               +--------+--------+--------+--------+--------+-----+--------+

Top non-repeatable levels by time:
     D:2: 1165 daAuts
     D:1: 902 daAuts
     D:3: 186 daAuts
